 Dungeon Crawl Stone Soup version 0.26-a0-660-gc07710193c (webtiles) character file.

Game seed: 5851868166637698555

506 jiml777 the Grasshopper (level 7, -2/56 HPs)
             Began as a Gnoll Warper on Oct 7, 2020.
             Was an Initiate of Gozag.
             Slain by a gnoll
             ... wielding a +0 whip
              (6 damage)
             ... on level 4 of the Dungeon.
             The game lasted 00:15:21 (4103 turns).

jiml777 the Grasshopper (Gnoll Warper)              Turns: 4103, Time: 00:15:22

Health: -2/56      AC: 17    Str: 14    XL:     7   Next: 18%
Magic:  15/15      EV:  8    Int: 17    God:    Gozag
Gold:   501        SH:  8    Dex: 14    Spells: 17/17 levels left

rFire    . . .     SeeInvis .   a - +0 spear
rCold    . . .     Faith    .   f - +0 kite shield
rNeg     + . .     Spirit   .   y - +0 pearl dragon scales
rPois    .         Reflect  .   (no helmet)
rElec    .         Harm     .   p - +2 cloak
rCorr    .         Rampage  .   x - +0 pair of gloves
MR       .....                  g - +0 pair of boots
Stlth    ..........             (no amulet)
HPRegen  0.18/turn              (no ring)
MPRegen  0.14/turn              (no ring)

@: lethally poisoned (-2 -> -12)
A: distributed training, fangs 1, strong nose
a: Potion Petition, Call Merchant, Bribe Branch, Renounce Religion


You were on level 4 of the Dungeon.
You worshipped Gozag.
Gozag was pleased with you.
You visited 2 branches of the dungeon, and saw 5 of its levels.

You collected 536 gold pieces.
You paid 35 gold pieces to Gozag.

Inventory:

Hand Weapons
 a - a +0 spear (weapon)
Missiles
 b - 22 sling bullets
 e - 5 boomerangs of dispersal (quivered)
 n - 57 arrows
 u - 10 curare-tipped darts
Armour
 f - a +0 kite shield (worn)
 g - a +0 pair of boots (worn)
 p - a +2 cloak (worn)
 q - a +0 scale mail of poison resistance
 v - a scarf of invisibility
 x - a +0 pair of gloves (worn)
 y - +0 pearl dragon scales (worn)
 C - a +0 scale mail of fire resistance
Wands
 B - a wand of paralysis (10)
Scrolls
 d - 2 scrolls of blinking
 k - a scroll of amnesia
 l - a scroll of random uselessness {unknown}
 m - a scroll of enchant armour {unknown}
 o - 2 scrolls of teleportation
 r - 3 scrolls of fog
 t - 2 scrolls of remove curse
 w - a scroll of magic mapping {unknown}
 z - a scroll of fear {unknown}
Potions
 c - a potion of ambrosia {unknown}
 h - a potion of resistance
 j - a potion of stabbing
 s - a potion of cancellation {unknown}
 A - a potion of lignification {unknown}


   Skills:
 + Level 5.1 Fighting
 + Level 2.3 Short Blades
 + Level 2.3 Long Blades
 + Level 2.3 Axes
 + Level 2.3 Maces & Flails
 + Level 5.1 Polearms
 + Level 2.3 Staves
 + Level 2.3 Slings
 + Level 2.3 Bows
 + Level 2.3 Crossbows
 + Level 3.5 Throwing
 + Level 3.5 Armour
 + Level 5.1 Dodging
 + Level 2.3 Stealth
 + Level 2.3 Shields
 + Level 2.3 Unarmed Combat
 + Level 5.5 Spellcasting
 + Level 1.9 Conjurations
 + Level 1.9 Hexes
 + Level 1.9 Summonings
 + Level 1.9 Necromancy
 + Level 5.8 Translocations
 + Level 1.9 Transmutations
 + Level 1.9 Fire Magic
 + Level 1.9 Ice Magic
 + Level 1.9 Air Magic
 + Level 1.9 Earth Magic
 + Level 1.9 Poison Magic
 + Level 2.5 Invocations
 + Level 2.3 Evocations


You had 17 spell levels left.
You didn't know any spells.
Your spell library contained the following spells:

 Spells                   Type           Power        Failure   Level
 Blink                    Tloc           N/A          47%         2
 Gell's Gravitas          Tloc           ###.......   71%         3
 Lesser Beckoning         Tloc           ###.......   71%         3
 Teleport Other           Tloc           ###.....     71%         3
 Passage of Golubria      Tloc           N/A          98%         4


Dungeon Overview and Level Annotations

Branches:
Dungeon (4/15)             Temple (1/1) D:4

Altars:
Dithmenos
Gozag
Zin
The Shining One


Innate Abilities, Weirdness & Mutations

Your experience applies equally to all skills.
You have very sharp teeth.
Your uncanny sense of smell can sniff out nearby items.


Message History

* * * LOW HITPOINT WARNING * * *
You feel sick. You block the gnoll's attack. The gnoll barely misses you.
You block the gnoll shaman's attack.
Unknown command.
You closely miss the gnoll shaman. Your bite misses the gnoll shaman.
The gnoll shaman is almost dead.
* * * LOW HITPOINT WARNING * * *
You feel sick. The gnoll hits you but does no damage.
The gnoll closely misses you. The gnoll shaman barely misses you.
The gnoll hits you but does no damage.
You hit the gnoll shaman but do no damage.
Your bite misses the gnoll shaman.
The gnoll shaman is severely wounded.
* * * LOW HITPOINT WARNING * * *
You feel sick.
The gnoll hits you from afar with a +0 halberd.
* * * LOW HITPOINT WARNING * * *
The gnoll hits you with a +0 whip.
You die...
Your body crumbles into a pile of gold.

##.......... ..
##..##...... ...
#....##.... ..
#..._.#...##'####
#....##..........
#..##...........
##....g#.......#
########gg##...$...#
#.....#..@##.......#
#.....#...#........#
+.....#...#........' ∆
#.....#...#........#
#.....###'##########
#........).......
.##....#................
.......#................
.......#................


You could see a gnoll shaman and 2 gnolls.

Vanquished Creatures
  2 phantoms (D:4)
  A jelly (D:2)
  2 orc wizards (D:3)
  Ijyb (D:4)
  3 worker ants (D:4)
  5 adders
  2 gnolls (D:4)
  An adder skeleton (D:4)
  2 worms
  2 dart slugs
  A leopard gecko (D:1)
  9 orcs (D:3)
  2 ball pythons
  10 bats
  4 giant cockroaches
  7 goblins
  8 hobgoblins
  3 jackals (D:1)
  2 quokkas
  4 frilled lizards
  A kobold (D:3)
  10 rats
82 creatures vanquished.

Notes
Turn   | Place    | Note
-------+----------+-------------------------------------------
     0 | D:1      | jiml777 the Gnoll Warper began the quest for the Orb.
     0 | D:1      | Reached XP level 1. HP: 20/20 MP: 6/6
   333 | D:1      | Reached XP level 2. HP: 26/26 MP: 7/7
   799 | D:1      | Reached XP level 3. HP: 30/31 MP: 9/9
  1130 | D:1      | Reached skill level 5 in Spellcasting
  1289 | D:2      | Reached skill level 1 in Invocations
  1399 | D:2      | Found a glowing silver altar of Zin.
  1400 | D:2      | Found a glowing golden altar of the Shining One.
  1405 | D:2      | Found an opulent altar of Gozag.
  1410 | D:2      | Became a worshipper of Gozag Ym Sagoz the Greedy
  1451 | D:2      | Reached skill level 1 in Short Blades
  1451 | D:2      | Reached skill level 1 in Long Blades
  1451 | D:2      | Reached skill level 1 in Axes
  1451 | D:2      | Reached skill level 1 in Maces & Flails
  1451 | D:2      | Reached skill level 1 in Staves
  1451 | D:2      | Reached skill level 1 in Slings
  1451 | D:2      | Reached skill level 1 in Bows
  1451 | D:2      | Reached skill level 1 in Crossbows
  1451 | D:2      | Reached skill level 1 in Stealth
  1451 | D:2      | Reached skill level 1 in Shields
  1451 | D:2      | Reached skill level 1 in Unarmed Combat
  1451 | D:2      | Reached skill level 1 in Evocations
  1551 | D:2      | Reached XP level 4. HP: 38/38 MP: 11/11
  1692 | D:2      | Reached skill level 1 in Conjurations
  1692 | D:2      | Reached skill level 1 in Hexes
  1692 | D:2      | Reached skill level 1 in Summonings
  1692 | D:2      | Reached skill level 1 in Necromancy
  1692 | D:2      | Reached skill level 1 in Transmutations
  1692 | D:2      | Reached skill level 1 in Fire Magic
  1692 | D:2      | Reached skill level 1 in Ice Magic
  1692 | D:2      | Reached skill level 1 in Air Magic
  1692 | D:2      | Reached skill level 1 in Earth Magic
  1692 | D:2      | Reached skill level 1 in Poison Magic
  2118 | D:3      | Reached XP level 5. HP: 37/43 MP: 12/12
  3032 | D:4      | Found a staircase to the Ecumenical Temple.
  3043 | Temple   | Entered the Ecumenical Temple
  3051 | D:4      | Noticed Ijyb
  3160 | D:4      | Killed Ijyb
  3160 | D:4      | Reached XP level 6. HP: 50/50 MP: 13/13
  3315 | D:4      | Noticed a phantom
  3490 | D:4      | Reached skill level 5 in Fighting
  3490 | D:4      | Reached skill level 5 in Polearms
  3490 | D:4      | Reached skill level 5 in Dodging
  3498 | D:4      | Killed a phantom
  3642 | D:4      | Found a shadowy altar of Dithmenos.
  3949 | D:4      | Noticed a phantom
  3983 | D:4      | Killed a phantom
  3983 | D:4      | Reached XP level 7. HP: 53/56 MP: 15/15
  4103 | D:4      | Slain by a gnoll

Illustrated notes

Levels and vault maps discovered:
D:1:      dpeg_arrival_rooms_a, layout_loops_corners, serial_rivers,
          chequers_serial_rivers_large_a, chequers_serial_rivers_small_a,
          chequers_serial_rivers_micro_d, chequers_serial_rivers_room_a,
          dk_noncrumbling_4, hangedman_abyss_or_decor_stabs
D:2:      layout_basic, minitemple
D:3:      layout_basic
D:4:      layout_gridville, nicolae_dithmenos_through_a_glass_darkly,
          lemuel_coloured_pillars_altar, minmay_temple_entry_trees, uniq_ijyb
Temple:   minmay_temple_curvy_loop

Skill      XL: |  1  2  3  4  5  6 |
---------------+-------------------+-----
Spellcasting   | 5 |  5.5
Invocations    | 1 2 |  2.5
Short Blades   | 1 2 |  2.3
Long Blades    | 1 2 |  2.3
Axes           | 1 2 |  2.3
Maces & Flails | 1 2 |  2.3
Staves         | 1 2 |  2.3
Slings         | 1 2 |  2.3
Bows           | 1 2 |  2.3
Crossbows      | 1 2 |  2.3
Stealth        | 1 2 |  2.3
Shields        | 1 2 |  2.3
Unarmed Combat | 1 2 |  2.3
Evocations     | 1 2 |  2.3
Conjurations   | 1 |  1.9
Hexes          | 1 |  1.9
Summonings     | 1 |  1.9
Necromancy     | 1 |  1.9
Transmutations | 1 |  1.9
Fire Magic     | 1 |  1.9
Ice Magic      | 1 |  1.9
Air Magic      | 1 |  1.9
Earth Magic    | 1 |  1.9
Poison Magic   | 1 |  1.9
Throwing       | 3 |  3.5
Armour         | 3 |  3.5
Fighting       | 5 |  5.1
Polearms       | 5 |  5.1
Dodging        | 5 |  5.1
Translocations | |  5.8

Action                   |  1- 3 |  4- 6 |  7- 9 || total
-------------------------+-------+-------+-------++-------
Melee: Spear             |   150 |   398 |    40 ||   588
       Bite              |    14 |    50 |     6 ||    70
  Use: Scroll            |       |     8 |       ||     8
       Potion            |       |     2 |     1 ||     3
 Stab: Sleeping          |     1 |       |       ||     1
       Distracted        |       |     1 |       ||     1
Armor: Leather armour    |    33 |       |       ||    33
       Scale mail        |    20 |    26 |       ||    46
       Pearl dragon scal |       |   131 |    26 ||   157
Dodge: Dodged            |    75 |   101 |    25 ||   201
Block: Kite shield       |    48 |   114 |    26 ||   188

Table legend: (Time is in decaauts)
 A = Elapsed time spent in this place.
 B = Non-inter-level travel time spent in this place.
 C = Inter-level travel time spent in this place.
 D = Time resting spent in this place.
 E = Time spent auto-exploring this place.
 F = Levels seen in this place.
 G = Mean time per level.
                   A        B        C        D        E       F      G
               +--------+--------+--------+--------+--------+-----+--------+
         Total |   4080 |   3990 |     90 |    374 |   2038 |   5 |  816.0 |
       Dungeon |   4078 |   3988 |     90 |    374 |   2038 |   4 | 1019.5 |
        Temple |      1 |      1 |      0 |      0 |      0 |   1 |    1.0 |
               +--------+--------+--------+--------+--------+-----+--------+

Top non-repeatable levels by time:
     D:1: 1166 daAuts
     D:4: 1031 daAuts
     D:3: 990 daAuts
     D:2: 890 daAuts
  Temple: 1 daAuts
